 Dungeon Crawl Stone Soup version 0.24.0 (webtiles) character file.

Game seed: 5041099817814238792, levelgen mode: deterministic

95 Gabide the Sneak (level 4, 0/25 HPs)
             Began as a Tengu Wanderer on Oct 25, 2019.
             Was a Follower of Nemelex Xobeh.
             Succumbed to a killer bee's poison
             ... on level 3 of the Dungeon.
             The game lasted 00:12:08 (2327 turns).

Gabide the Sneak (Tengu Wanderer)                   Turns: 2327, Time: 00:12:09

Health: 0/25       AC:  3    Str: 13    XL:     4   Next: 66%
Magic:  5/5        EV: 13    Int: 13    God:    Nemelex Xobeh [*.....]
Gold:   63         SH:  0    Dex: 13    Spells: 2/3 levels left

rFire    . . .     SeeInvis .   f - +1 dagger
rCold    . . .     Gourm    +   (no shield)
rNeg     . . .     Faith    .   d - +1 robe
rPois    .         Spirit   .   (helmet restricted)
rElec    .         Reflect  .   (no cloak)
rCorr    .         Harm     .   (no gloves)
MR       .....                  (boots unavailable)
Stlth    +++.......             j - amulet of the gourmand
HPRegen  0.08/turn              (no ring)
MPRegen  0.09/turn              (no ring)

@: lethally poisoned (0 -> -7), about to teleport, flying quickly and evasively,
very slightly contaminated, hasted, very quick
A: beak, talons 3
a: Draw Escape, Draw Destruction, Draw Summoning, Renounce Religion


You were on level 3 of the Dungeon.
You worshipped Nemelex Xobeh.
Nemelex Xobeh was aware of your devotion.
You were not hungry.

You visited 1 branch of the dungeon, and saw 3 of its levels.

You collected 63 gold pieces.

Inventory:

Hand Weapons
 a - a +0 club
 f - a +1 dagger (weapon)
Missiles
 b - 54 stones (quivered)
Armour
 d - a +1 robe (worn)
Jewellery
 j - an amulet of the gourmand (around neck)
Scrolls
 c - 2 scrolls of teleportation
 e - a scroll of magic mapping {unknown}
 k - 4 scrolls of remove curse
 o - a scroll of random uselessness {unknown}
Potions
 i - 3 potions of mutation
Comestibles
 g - 4 rations
 m - 5 chunks of flesh


   Skills:
 - Level 1.2 Fighting
 * Level 2.0 Short Blades
 - Level 0.7 Dodging
 * Level 4.4 Stealth
   Level 4.0 Conjurations
   Level 2.4 Summonings
 - Level 0.1 Earth Magic
   Level 1.0 Evocations


You had 2 spell levels left.
You knew the following spells:

 Your Spells              Type           Power        Failure   Level  Hunger
a - Sandblast             Erth           #.....       28%         1    ##.....

Your spell library contained the following spells:

 Spells                   Type           Power        Failure   Level  Hunger
 Stone Arrow              Conj/Erth      #.....       36%         3    ####...


Dungeon Overview and Level Annotations

Branches:
Dungeon (3/15)

Altars:
Nemelex Xobeh


Innate Abilities, Weirdness & Mutations

You have a beak for a mouth.
You have claws for feet.


Message History

You barely miss the killer bee. Your kick misses the killer bee.
The killer bee is almost dead.
The jackal closely misses you. The killer bee barely misses you.
It was a potion of magic.
Magic courses through your body. The killer bee completely misses you.
The jackal closely misses you.
As you read the scroll of teleportation, it crumbles to dust.
You feel strangely unstable.
* * * LOW HITPOINT WARNING * * *
You feel sick.
You draw a card...
You have drawn Degeneration.
The killer bee evaporates and reforms as a jelly!
The jelly twists and deforms.
The orc evaporates and reforms as a dart slug!
The dart slug twists and deforms.
The jackal evaporates and reforms as a kobold!
The kobold twists and deforms.
You draw a card...
You have drawn the Cloud.
Clouds appear around you!
The deck of cards glows with a rainbow of weird colours and disappears.
You die...
Your body disappears without a glow.

#.# ##<#### #.# ......# #.#
##.##.# ####.##### #+##
#.##.###........# #...##
#.##.##.........## #.....#
.#.##.##..##..☼§..###.......
...##.##[))..§§K####.......<
....÷).).)..(§wJ@#.'........
...#####.###.§§#####........
.#. #.# #.#.#.####....... #.
#.# #.###.# #.....# .. #.#
#.# #.# #...## #. #.. ...
..# #+## .. ### #.# ### .#
#.# #.#


You could see a jelly, a dart slug and a kobold.

Vanquished Creatures
  Jessica (D:2)
  Terence (D:2)
  A dart slug (D:1)
  4 leopard geckos
  4 giant cockroaches
  4 goblins
  3 hobgoblins
  A jackal (D:3)
  2 quokkas
  2 bats (D:1)
  6 frilled lizards
  9 kobolds
  A rat (D:1)
39 creatures vanquished.

Notes
Turn   | Place    | Note
-------+----------+-------------------------------------------
     0 | D:1      | Gabide the Tengu Wanderer began the quest for the Orb.
     0 | D:1      | Gabide set off with the following items: a +0 club, a
                  | scroll of teleportation, a +0 robe, a wand of paralysis
                  | (15), a +0 dagger, a ration; and the following spell
                  | memorised: Sandblast; and the following spells available to
                  | memorise: Stone Arrow
     0 | D:1      | Reached XP level 1. HP: 12/12 MP: 2/2
   503 | D:1      | Found a sparkling altar of Nemelex Xobeh.
   528 | D:1      | Reached XP level 2. HP: 10/16 MP: 0/3
   644 | D:1      | Became a worshipper of Nemelex Xobeh the Trickster
   781 | D:1      | Received a gift from Nemelex Xobeh
  1358 | D:1      | Reached XP level 3. HP: 20/20 MP: 2/4
  1499 | D:2      | Noticed Terence
  1503 | D:2      | Killed Terence
  1736 | D:2      | Received a gift from Nemelex Xobeh
  1752 | D:2      | Reached XP level 4. HP: 23/25 MP: 2/5
  1964 | D:2      | Noticed Jessica
  1969 | D:2      | Reached * piety under Nemelex Xobeh
  1970 | D:2      | Killed Jessica
  2322 | D:3      | HP: 1/25 [poisoned by a killer bee]
  2327 | D:3      | Succumbed to a killer bee's poison

Levels and vault maps discovered:
D:1:      eino_arrival_cavern_a, layout_loops_corners,
          nemelex_xobeh_ov_fountains_minmay
D:2:      layout_loops_ring, uniq_terence, uniq_jessica
D:3:      layout_loops_corners, grunt_temple_overflow_magic_moments,
          yredelemnul_altar_generic, first_ration, uniq_sigmund
